 Dungeon Crawl Stone Soup version 0.32-a0-675-gdc239d62e1 (webtiles) character file.

Game seed: 1432115215446430679

76315 gimp the Brawler (level 16, -2/108 (109) HPs)
             Began as a Formicid Shapeshifter on Mar 12, 2024.
             Was an Elder of Uskayaw.
             Killed from afar by an ice dragon (23 damage)
             ... with a blast of cold
             ... on level 15 of the Dungeon.
             The game lasted 00:49:05 (24255 turns).

gimp the Brawler (Formicid Shapeshifter)           Turns: 24255, Time: 00:49:06

HP:   -2/108 (109)  AC: 16    Str: 18    XL:     16   Next: 1%
MP:   27/27         EV: 28    Int: 11    God:    Uskayaw [****..]
Gold: 1525          SH:  0    Dex: 22    Spells: 11/15 levels left

rFire   . .          .
                       - Unarmed
rCold   + . .        (no shield)
rNeg    . . .        F - melded +0 steam dragon scales
rPois   .            (helmet unavailable)
rElec   .            A - +2 cloak {rCorr}
rCorr   +            g - +2 pair of gloves {Dex+3}
SInv    +            f - +3 pair of mountain boots {steadfast, rC+}
Will    +....        (no amulet)
Stlth   ++           e - +4 ring of protection
HPRegen 0.38/turn    u - +5 ring of evasion
MPRegen 0.20/turn

%: no passive effects
@: maw-form, studying 2 skills, lightly drained
A: devouring maw, permanent stasis, dig shafts and tunnels, antennae 3, four
strong arms, iridescent scales 1, weak 1
a: Dig, Shaft Self, Begin Untransformation, Renounce Religion, Stomp, Line Pass


You were on level 15 of the Dungeon.
You worshipped Uskayaw.
Uskayaw was pleased with you.
You were a creature with a mouth for a stomach.
You visited 4 branches of the dungeon, and saw 23 of its levels.
You also visited: Gauntlet and Volcano.

You collected 2015 gold pieces.
You spent 490 gold pieces at shops.

Inventory:

Missiles
 a - 3 curare-tipped darts
 j - 50 poisoned darts
 t - 3 throwing nets
Armour
 f - the +3 pair of mountain boots (worn) {steadfast, rC+}
   (You acquired it on level 9 of the Dungeon)

   Steadfast: It prevents involuntary movement, except for blinking,
   teleportation, or banishment.
   rC+:       It protects you from cold.
 g - a +2 pair of gloves of dexterity (worn)
 A - a +2 cloak of preservation (worn)
 F - +0 steam dragon scales (melded)
 I - +0 acid dragon scales
Jewellery
 e - a +4 ring of protection (left hand)
 n - a ring of positive energy
 u - a +5 ring of evasion (right hand)
 E - the ring of the Frog {Fire Dex+4}
   (You found it in a Gauntlet)

   [ring of fire]

   Fire:      It enhances your fire magic.
   Dex+4:     It affects your dexterity (+4).
   rF+:       It protects you from fire.
   rC-:       It makes you vulnerable to cold.
 H - a ring of willpower
 K - the ring of Midwinter {rF+ Dex+6}
   (You found it in a Gauntlet)

   [ring of dexterity]

   Dex+6:     It affects your dexterity (+6).
   rF+:       It protects you from fire.
 M - the ring "Zunaune" {*Corrode rC+ Will+ Int+2 Stlth+}
   (You took it off a minotaur in a Gauntlet)

   [ring of willpower]

   Int+2:     It affects your intelligence (+2).
   rC+:       It protects you from cold.
   Will+:     It increases your willpower.
   *Corrode:  It may corrode you when you take damage.
   Stlth+:    It makes you more stealthy.
Talismans
 c - a beast talisman
 d - a flux talisman
 O - a maw talisman (active)
Wands
 l - a wand of acid (5)
 q - a wand of mindburst (11)
 v - a wand of warping (21)
 w - a wand of flame (13)
 y - a wand of polymorph (6)
 z - a wand of paralysis (5)
Scrolls
 i - 2 scrolls of fear
 x - 2 scrolls of silence
 C - 4 scrolls of immolation
 D - 4 scrolls of vulnerability
 L - 3 scrolls of fog
 N - a scroll of revelation
Potions
 b - 10 potions of curing
 h - 3 potions of heal wounds
 k - 7 potions of invisibility
 m - 7 potions of attraction
 o - a potion of cancellation
 p - a potion of mutation
 r - 3 potions of ambrosia
 s - 4 potions of enlightenment
 B - 2 potions of brilliance
 G - 3 potions of lignification
Miscellaneous
 P - a phantom mirror


   Skills:
 - Level 5.0 Fighting
 + Level 13.6 Dodging
 - Level 16.2 Unarmed Combat
 + Level 15.2 Invocations
 + Level 12.9 Shapeshifting


You had 11 spell levels left.
You knew the following spells:

 Your Spells              Type           Power      Damage    Failure   Level
a - Passage of Golubria   Tloc           0%         N/A       98%         4

Your spell library contained the following spells:

 Spells                   Type           Power      Damage    Failure   Level
 Freeze                   Ice            0%         1d3       34%         1
 Mercury Vapours          Alch/Air       0%         N/A       47%         2
 Scorch                   Fire           0%         2d5       47%         2
 Call Canine Familiar     Summ           0%         N/A       71%         3
 Frozen Ramparts          Ice            0%         1d1       71%         3
 Hailstorm                Conj/Ice       0%         3d5       71%         3
 Inner Flame              Hex/Fire       0%         N/A       71%         3
 Mephitic Cloud           Conj/Alch/Air  0%         N/A       71%         3
 Ozocubu's Armour         Ice            0%         N/A       71%         3
 Sigil of Binding         Hex            0%         N/A       71%         3
 Tukima's Dance           Hex            0%         N/A       71%         3
 Brom's Barrelling Bould  Conj/Erth      0%         2d3       98%         4
 Dimensional Bullseye     Hex/Tloc       0%         N/A       98%         4
 Flame Wave               Conj/Fire      0%         2d4       98%         4
 Leda's Liquefaction      Alch/Erth      0%         N/A       98%         4
 Sticky Flame             Fire/Alch      0%         2d4       98%         4
 Fireball                 Conj/Fire      0%         3d3       100%        5
 Freezing Cloud           Conj/Ice/Air   0%         6-21      100%        5
 Iskenderun's Battlesphe  Conj           0%         2d6       100%        5
 Lee's Rapid Deconstruct  Erth           0%         3d4*      100%        5
 Metabolic Englaciation   Hex/Ice        0%         N/A       100%        5
 Summon Forest            Summ/Tloc      0%         N/A       100%        5
 Summon Mana Viper        Hex/Summ       0%         N/A       100%        5
 Yara's Violent Unravell  Hex/Alch       0%         3d3       100%        5
 Bombard                  Conj/Erth      0%         9d1       100%        6
 Conjure Ball Lightning   Conj/Air       0%         3x3d6     100%        6
 Sculpt Simulacrum        Ice/Alch       0%         N/A       100%        6
 Summon Cactus Giant      Summ           0%         N/A       100%        6
 Orb of Destruction       Conj           0%         9d5       100%        7


Dungeon Overview and Level Annotations

Branches:
Dungeon (15/15)            Temple (1/1) D:7            Lair (5/5) D:9
  Swamp (0/4) Lair:2       Spider (0/4) Lair:2        Slime (0/5) Lair:4
    Orc (2/2) D:12            Elf (0/3) Orc:2        Vaults (0/5) D:13
Volcano (visited)         Gauntlet (visited)
 Depths: D:15

Altars:
Ashenzari
Cheibriados
Dithmenos
Elyvilon
Fedhas
Gozag
Hepliaklqana
Kikubaaqudgha
Makhleb
Nemelex Xobeh
Okawaru
Qazlal
Ru
Sif Muna
Trog
Uskayaw
Vehumet
Wu Jian
Xom
Yredelemnul
Zin
The Shining One
Beogh

Shops:
D:3 [   D:4 [   D:6 [   D:8 *   D:14 :   Orc:2 *::[

Annotations:
D:9 exclusion: door
Lair:3 2 transporters, Jigsaw's ghost, journeyman FeSu
Lair:4 1 runed translucent door, exclusion: door, zenocrate's ghost, journeyman FeEE
Orc:1 2 transporters, Fannar


Innate Abilities, Weirdness & Mutations

You are a creature with a mouth for a stomach.
Your midsection houses a second, enormous mouth.
You cannot be hasted, slowed, berserked, paralysed or teleported.
You can dig through walls and to a lower floor.
You have a pair of large antennae on your head. (SInv)
Your four strong arms can wield two-handed weapons with a shield.
You are partially covered in iridescent scales. (AC +2)
You are weak. (Str -2)


Message History

The meliai misses you. x2
You barely miss the meliai.
The meliai is moderately wounded.
The meliai hits you with a +0 war axe.
The meliai stings you but does no damage.
The meliai calls down the wrath of its god upon you.
Something smites you!
You take 18 damage, and have 54/103 hp.
You barely miss the meliai. Your bite misses the meliai.
The meliai is moderately wounded.
The meliai hits you with a +0 war axe. The meliai misses you.
The meliai calls down the wrath of its god upon you.
Something smites you!
You take 10 damage, and have 44/103 hp.
You are too injured to fight recklessly!
You are too injured to fight recklessly!
You extend your mandibles.
You dig through the rock wall.
You feel drained. The meliai closely misses you. x2
You are too injured to fight recklessly!
You are too injured to fight recklessly!
You are too injured to fight recklessly!
You retract your mandibles.
You completely miss the meliai. You bite the meliai.
The meliai is heavily wounded.
The meliai completely misses you. The meliai misses you.
The meliai barely misses you. The meliai completely misses you.
The meliai hits you with a +0 war axe! The meliai misses you.
The meliai hits you but does no damage. The meliai closely misses you.
You take 12 damage, and have 32/100 hp.
You pummel the meliai!!
You kill the meliai!
The meliai completely misses you. x2
You can now pass through a line of other dancers.
You have reached level 16!
You feel clever.
You regained 2 hp, and now have 34/107 hp.
MP restored: 27 You hit the meliai but do no damage.
Your bite misses the meliai. The meliai misses you. The meliai stings you.
You take 1 damage, and have 33/107 hp.
You pummel the meliai!! You bite the meliai.
You devour the meliai!
You feel better.
You kill the meliai!
Uskayaw will force your foes to helplessly watch your dance.
Uskayaw prepares the audience for your solo!
You regained 13 hp, and now have 46/108 hp.
The helpless ice dragon fails to defend itself.
You hit the ice dragon. You bite the ice dragon!
The ice dragon is lightly wounded.
The helpless ice dragon fails to defend itself.
You pummel the ice dragon!! You bite the ice dragon.
The ice dragon is heavily wounded.
The meliai closely misses you. The meliai misses you.
The helpless ice dragon fails to defend itself.
You hit the ice dragon but do no damage.
You punch the ice dragon, but do no damage.
You bite the ice dragon.
The ice dragon is severely wounded.
The meliai misses you. The meliai completely misses you.
Uskayaw will force your foes to share their pain.
Uskayaw links your audience in an emotional bond!
The helpless ice dragon fails to defend itself.
You hit the ice dragon but do no damage.
You bite the ice dragon, but do no damage.
The ice dragon is heavily wounded.
The meliai closely misses you. The meliai completely misses you.
The helpless ice dragon fails to defend itself.
You punch the ice dragon!
You bite the ice dragon, but do no damage.
The ice dragon is severely wounded.
The ice dragon is no longer paralysed.
The meliai completely misses you. The meliai barely misses you.
The ice dragon barely misses you. The ice dragon misses you.
The ice dragon tramples you!
You hold your ground!
The meliai barely misses you.
The meliai stings you but does no damage.
You take 8 damage, and have 39/108 hp.
You punch the ice dragon!
The ice dragon is almost dead.
The meliai closely misses you. The meliai misses you. The ice dragon bites you!
The ice dragon claws you but does no damage.
The ice dragon completely misses you.
You take 6 damage, and have 33/108 hp.
You hit the ice dragon. Your bite misses the ice dragon.
The ice dragon is almost dead.
The meliai completely misses you. x3; The meliai misses you.
You barely miss the ice dragon. Your bite misses the ice dragon.
The ice dragon is almost dead.
The ice dragon completely misses you. The ice dragon claws you.
* * * LOW HITPOINT WARNING * * *
The ice dragon tramples you!
* * * LOW HITPOINT WARNING * * *
You hold your ground!
The meliai misses you. The meliai completely misses you.
You take 12 damage, and have 21/108 hp.
You punch the ice dragon!
The ice dragon is almost dead.
The meliai hits you but does no damage. The meliai completely misses you.
The ice dragon breathes frost at you. The blast of cold hits you!! You resist.
You die...
Your body falls in perfect tune with the rhythm.

.........# #.# ...
########## #.# #{# #.#
#######.## #.# #........#
#.# .### #.....#.<# #.#
.y.{#####.###.##.###.#
#$..y{{{{.# #.#D#y##.######.
###.#####.###..#W#.#........
....{........#####..#
.##.#####.###..###.#.# ..
#.# #...#....# .. ##.#
###...#### ... #...#####.##
... ..........# #...#####.#
##........#


You could see an ice dragon (catching breath, pain bonded) and a meliai (pain
bonded).

Vanquished Creatures
  Rupert (Lair:5)
  An orc warlord (Orc:1)
  A minotaur (Gauntlet)
  A fire dragon (D:14)
  2 hydras
  A merfolk avatar (Lair:5)
  4 boulder beetles
  4 centaur warriors
  A death knight (D:14)
  4 two-headed ogres
  A death yak (Lair:5)
  2 orc high priests (Orc:2)
  A skeletal warrior (D:12)
  A fire crab (Lair:3)
  3 skysharks (Lair:5)
  An arcanist (D:9)
  Pikel (D:6)
  A deep elf pyromancer (D:12)
  A harpy (Lair:5)
  An orc knight (D:13)
  2 manticores
  12 elephants
  5 orc sorcerers
  6 ugly things
  6 black mambas
  3 cyclopes
  2 meliai (D:15)
  A kobold blastminer (Orc:2)
  13 cane toads
  Joseph (D:8)
  4 torpor snails
  6 komodo dragons
  A kobold demonologist (D:13)
  4 rime drakes
  A freezing wraith (D:15)
  An ice devil (Gauntlet)
  5 trolls
  2 wind drakes (Lair:5)
  3 polar bears
  2 hornets (Lair:5)
  Prince Ribbit (D:6)
  9 dream sheep
  17 blink frogs
  A snapping turtle (Lair:5)
  Sigmund (D:5)
  2 water elementals (D:14)
  A shadow (D:13)
  3 vampires
  2 wraiths
  2 wyverns
  55 yaks
  16 humans (D:13)
  2 basilisks
  Eustachio (D:6)
  3 steam dragons
  15 vampire mosquitoes
  A warg (D:9)
  An acid dragon (D:13)
  10 water moccasins
  2 hell hounds (Lair:1)
  A black bear (D:5)
  An ice beast (D:7)
  29 orc warriors
  2 ogres (Orc:1)
  2 laughing skulls (Gauntlet)
  11 centaurs
  26 wolves
  2 phantoms
  2 lemures (D:6)
  4 kobold brigands
  A weeping skull (Gauntlet)
  14 bullfrogs
  3 scorpions
  3 wights (D:7)
  8 killer bees
  3 electric eels
  4 howler monkeys
  2 jellies (D:6)
  3 hounds
  36 orc priests
  2 gnoll boudas
  2 sleepcaps
  3 iguanas
  62 orc wizards
  8 gnolls
  8 adders
  4 white imps
  2 ufetubi (D:6)
  3 dart slugs
  119 orcs
  3 ball pythons
  7 endoplasms
  4 giant cockroaches
  7 goblins
  A hobgoblin (D:2)
  7 jackals
  3 quokkas
  3 bats
  7 frilled lizards
  23 kobolds
  8 rats
701 creatures vanquished.

Vanquished Creatures (others)
  An orc wizard (D:4)
1 creature vanquished.

Grand Total: 702 creatures vanquished

Notes
Turn   | Place    | Note
-------+----------+-------------------------------------------
     0 | D:1      | gimp the Formicid Shapeshifter began the quest for the Orb.
     0 | D:1      | Reached XP level 1. HP: 15/15 MP: 1/1
    47 | D:1      | Reached XP level 2. HP: 21/21 MP: 2/2
   265 | D:1      | Reached XP level 3. HP: 19/27 MP: 3/3
   467 | D:1      | Found a faded altar of an unknown god.
  1083 | D:2      | Reached XP level 4. HP: 31/34 MP: 4/4
  1590 | D:3      | Found a glowing silver altar of Zin.
  1591 | D:3      | Found Duum's Armour Shop.
  1855 | D:3      | Reached XP level 5. HP: 23/40 MP: 5/5
  2556 | D:4      | Reached skill level 4 in Unarmed Combat
  2710 | D:4      | Found Xyipol's Armour Boutique.
  2724 | D:4      | Reached XP level 6. HP: 32/47 MP: 6/6
  2997 | D:4      | Found the +7 staff of the Meek {protect, meekguard}
  3117 | D:4      | Reached skill level 5 in Shapeshifting
  3124 | D:4      | Reached XP level 7. HP: 55/55 MP: 7/7
  3333 | D:4      | Found a sacrificial altar of Ru.
  3545 | D:5      | Entered Level 5 of the Dungeon
  3558 | D:5      | Reached skill level 5 in Unarmed Combat
  3884 | D:5      | Reached skill level 5 in Fighting
  4020 | D:5      | Noticed Sigmund
  4178 | D:5      | Reached XP level 8. HP: 56/62 MP: 8/8
  4285 | D:6      | Reached skill level 6 in Unarmed Combat
  4333 | D:6      | Found Ivostuen's Antique Armour Shoppe.
  4349 | D:6      | Bought a glowing cloak for 232 gold pieces
  4610 | D:6      | Found a burning altar of Makhleb.
  4664 | D:6      | Found a basalt altar of Yredelemnul.
  4664 | D:6      | Found an iron altar of Okawaru.
  4929 | D:6      | Reached skill level 7 in Unarmed Combat
  5000 | D:6      | Found a bloodstained altar of Trog.
  5001 | D:6      | Noticed Eustachio
  5015 | D:6      | Killed Eustachio
  5016 | D:6      | Reached XP level 9. HP: 51/68 MP: 9/9
  5052 | D:6      | Reached skill level 8 in Unarmed Combat
  5263 | D:6      | Noticed Pikel
  5292 | D:6      | Killed Pikel
  5293 | D:6      | Reached skill level 9 in Unarmed Combat
  5719 | D:6      | Found a sparkling altar of Nemelex Xobeh.
  5818 | D:6      | Noticed Prince Ribbit
  5847 | D:6      | Reached skill level 10 in Unarmed Combat
  5860 | D:6      | Killed Prince Ribbit
  6191 | D:7      | Noticed a troll
  6200 | D:7      | Killed a troll
  6201 | D:7      | Reached XP level 10. HP: 66/74 MP: 10/10
  6269 | D:7      | Reached skill level 11 in Unarmed Combat
  6776 | D:7      | Found a staircase to the Ecumenical Temple.
  6817 | Temple   | Entered the Ecumenical Temple
  6860 | Temple   | Became a worshipper of Uskayaw the Reveller
  6914 | D:7      | Found a radiant altar of Vehumet.
  6923 | D:7      | Noticed a two-headed ogre
  7163 | D:5      | Reached * piety under Uskayaw
  7164 | D:5      | Killed Sigmund
  7630 | D:8      | Reached ** piety under Uskayaw
  7699 | D:8      | Found a blossoming altar of Fedhas.
  7705 | D:8      | Found a stormy altar of Qazlal.
  7736 | D:8      | Found Deymopin's General Store.
  7747 | D:8      | Bought a scroll of identify for 22 gold pieces
  7747 | D:8      | Bought a scroll of identify for 22 gold pieces
  7871 | D:8      | Reached *** piety under Uskayaw
  7884 | D:8      | Reached **** piety under Uskayaw
  8054 | D:8      | Found an opulent altar of Gozag.
  8137 | D:8      | Reached skill level 5 in Dodging
  8579 | D:8      | Found a white marble altar of Elyvilon.
  8588 | D:8      | Noticed Joseph
  8611 | D:8      | Killed Joseph
  8612 | D:8      | Reached skill level 12 in Unarmed Combat
  9278 | D:9      | Reached XP level 11. HP: 60/79 MP: 11/11
  9281 | D:9      | Reached ***** piety under Uskayaw
  9351 | D:9      | Found a glowing golden altar of the Shining One.
  9386 | D:9      | Reached skill level 1 in Invocations
  9610 | D:9      | Noticed an arcanist
  9621 | D:9      | Killed an arcanist
  9745 | D:9      | Found a staircase to the Lair.
 10030 | D:9      | Identified a scroll of acquirement
 10030 | D:9      | Acquired the +3 pair of mountain boots {steadfast, rC+}
 10030 | D:9      | Found the +3 pair of mountain boots {steadfast, rC+}
 10060 | D:9      | Learned a level 4 spell: Passage of Golubria
 10072 | D:10     | Entered Level 10 of the Dungeon
 10293 | D:10     | Found a snail-covered altar of Cheibriados.
 10293 | D:10     | Found an ornate altar of the Wu Jian Council.
 10298 | D:10     | Noticed an eight-headed hydra
 10322 | D:10     | Reached skill level 13 in Unarmed Combat
 10331 | D:10     | Killed an eight-headed hydra
 10983 | D:3      | Bought a +1 pair of gloves of dexterity for 214 gold pieces
 11416 | D:11     | Reached skill level 5 in Invocations
 11478 | D:11     | Noticed a two-headed ogre
 11487 | D:11     | Killed a two-headed ogre
 11512 | D:11     | Noticed a cyclops
 11519 | D:11     | Killed a cyclops
 11568 | D:11     | Reached XP level 12. HP: 74/79 MP: 16/16
 12056 | D:12     | Found a staircase to the Orcish Mines.
 12336 | D:12     | Noticed a two-headed ogre
 12345 | D:12     | Killed a two-headed ogre
 12483 | D:12     | Reached skill level 14 in Unarmed Combat
 12656 | D:12     | Noticed a two-headed ogre
 12662 | D:12     | Killed a two-headed ogre
 12666 | D:12     | Acquired a manual of Shapeshifting
 12742 | D:12     | Noticed a skeletal warrior
 12743 | D:12     | Gained mutation: You are partially covered in iridescent
                  | scales. (AC +2) [potion of mutation]
 12762 | D:12     | Killed a skeletal warrior
 13436 | Orc:1    | Entered Level 1 of the Orcish Mines
 13618 | Orc:2    | Entered Level 2 of the Orcish Mines
 13618 | Orc:2    | Noticed an orc warlord
 13867 | Lair:1   | Entered Level 1 of the Lair of Beasts
 13949 | Lair:1   | Reached XP level 13. HP: 73/91 MP: 19/19
 14081 | Lair:1   | Found a dark tunnel.
 14110 | Volcano  | Entered a volcano
 14300 | Lair:1   | Reached skill level 10 in Dodging
 14720 | Lair:1   | Reached skill level 10 in Invocations
 14832 | Lair:2   | Found a hole to the Spider Nest.
 14911 | Lair:2   | Found a staircase to the Swamp.
 15241 | Lair:2   | Reached skill level 15 in Unarmed Combat
 15662 | Lair:3   | Found a transporter.
 15664 | Lair:3   | Noticed Jigsaw's ghost (journeyman FeSu)
 15665 | Lair:3   | Found a transporter.
 15790 | Lair:3   | Reached ****** piety under Uskayaw
 15885 | Lair:3   | Noticed a five-headed hydra
 15895 | Lair:3   | Killed a five-headed hydra
 16006 | Lair:3   | Found a white marble altar of Elyvilon.
 16903 | Lair:4   | Reached XP level 14. HP: 96/98 MP: 22/22
 17048 | Lair:4   | Found a gate leading to a gauntlet.
 17086 | Gauntlet | Entered a Gauntlet
 17086 | Gauntlet | Found a transporter.
 17086 | Gauntlet | Found a transporter.
 17092 | Gauntlet | Found a transporter.
 17104 | Gauntlet | Found a transporter.
 17118 | Gauntlet | Found a transporter.
 17129 | Gauntlet | Found a transporter.
 17132 | Gauntlet | Found a transporter.
 17150 | Gauntlet | Found a transporter.
 17168 | Gauntlet | Found a transporter.
 17179 | Gauntlet | Found a transporter.
 17219 | Gauntlet | Found a transporter.
 17233 | Gauntlet | Found a transporter.
 17247 | Gauntlet | Found a transporter.
 17334 | Gauntlet | Found a transporter.
 17348 | Gauntlet | Found a transporter.
 17361 | Gauntlet | Found a transporter.
 17455 | Gauntlet | Identified the ring of the Frog {Fire Dex+4}
 17555 | Gauntlet | Identified the ring of Midwinter {rF+ Dex+6}
 17589 | Gauntlet | Identified the ring "Zunaune" {*Corrode rC+ Will+ Int+2
                  | Stlth+}
 17589 | Gauntlet | Noticed a minotaur
 17605 | Gauntlet | Killed a minotaur
 17804 | Lair:4   | Found a staircase to the Slime Pits.
 17977 | Lair:4   | Found a runed translucent door.
 17977 | Lair:4   | Noticed zenocrate's ghost (journeyman FeEE)
 18325 | Lair:5   | Entered Level 5 of the Lair of Beasts
 18389 | Lair:5   | Noticed Rupert
 18416 | Lair:5   | Killed Rupert
 18417 | Lair:5   | Reached skill level 16 in Unarmed Combat
 19331 | Lair:5   | Reached XP level 15. HP: 77/101 MP: 25/25
 19511 | Lair:5   | Reached skill level 10 in Shapeshifting
 20338 | Orc:1    | Killed an orc warlord
 20480 | Orc:2    | Found a staircase to the Elven Halls.
 20663 | Orc:2    | Gained mutation: You are weak. (Str -2) [a neqoxec]
 21128 | Orc:1    | Found a roughly hewn altar of Beogh.
 21145 | Orc:1    | Noticed Fannar
 21610 | Orc:2    | Found Kecol's General Store.
 21610 | Orc:2    | Found Benwaxt's Book Boutique.
 21611 | Orc:2    | Found Odwebupn's Armour Shop.
 21615 | Orc:2    | Found Nibbucol's Book Shop.
 22342 | Orc:1    | Found a transporter.
 22348 | Orc:1    | Noticed an orc warlord
 22350 | Orc:1    | Found a roughly hewn altar of Beogh.
 22350 | Orc:1    | Found a transporter.
 22526 | D:13     | Found a gate to the Vaults.
 23004 | D:13     | Found a hide-covered altar of Uskayaw.
 23307 | D:14     | Reached skill level 15 in Invocations
 23652 | D:14     | Found an ancient bone altar of Kikubaaqudgha.
 23724 | D:14     | Found Godowiod's Book Boutique.
 24041 | D:15     | Entered Level 15 of the Dungeon
 24245 | D:15     | Reached XP level 16. HP: 34/107 MP: 27/27
 24255 | D:15     | Killed from afar by an ice dragon

Illustrated notes

Levels and vault maps discovered:
D:1:      mainiacjoe_arrival_oval_in_oval, layout_basic,
          chequers_ecumenical_altar_simple, nrook_mini_vaults,
          minmay_misc_feat_iff, kennysheep_another_room
D:2:      layout_basic, st_stairs_1, hex_medium
D:3:      layout_basic, overflow_temple_1_default, serial_shops, shop_coins
D:4:      layout_loops_ring, mainiacjoe_overflow_tiny_flanked, serial_shops,
          shop
D:5:      layout_basic, minmay_misc_feat_plants, interstate_on_off,
          serial_park_tiny_pond, uniq_sigmund
D:6:      minmay_flawed_box, layout_loops_corners, nemelex_spade_bored_becter,
          trog_three_pillars_becter, mainiacjoe_overflow_paths,
          chequers_temple_overflow_statue_of_worship, serial_shops, shop,
          kennysheep_generic_room_8, uniq_pikel, uniq_eustachio,
          uniq_prince_ribbit1
D:7:      layout_basic, mainiacjoe_overflow_small_starburst,
          minmay_temple_entry_antechambers, minmay_misc_feat_nine_boxes
D:8:      layout_loops_corners, grunt_temple_overflow_forces_of_nature,
          mainiacjoe_overflow_alcove_2, nicolae_overflow_hidden_temple,
          serial_shops, nicolae_shop_tiny_statue_garden, minmay_misc_feat_alley,
          uniq_joseph
D:9:      layout_loops_ring, tso_metal_star, erik_lair_orcish_takeover,
          laboratory
D:10:     layout_long_grid, jmf_multi_god_temple, minivault_26, minmay_holes
D:11:     layout_long_grid, dreamdust_princess_bridge
D:12:     kennysheep_six_static_rooms, layout_loops_ring, hiddenorc2_lemuel,
          serial_co_window_serial, co_window_paths_a, co_window_paths_a,
          co_window_of_opportunity_a, co_window_paths_b, co_window_corner_a,
          co_window_broadway_b, co_window_corner_b, co_window_cross_4,
          co_window_of_opportunity_b, glass_columns_a, glass_columns_b,
          glass_columns_b, glass_columns_c
D:13:     layout_small_grid, david_vaults_3, serial_glass, glass_columns_a,
          glass_columns_a, dancing_weapons_uskayaw
D:14:     layout_basic, nicolae_kikubaaqudgha_miasma_corner,
          serial_co_window_serial, co_window_corner_a, co_window_corner_a,
          co_window_cross_1, co_window_paths_a, co_window_of_opportunity_a,
          co_window_unsneaky_path_d, co_window_unsneaky_path_a,
          co_window_corner_b, co_window_broadway_c, glass_columns_b,
          glass_columns_b, serial_shops, nicolae_shop_real_fake_doors
D:15:     hangedman_depths_entry_try_elsewhere_first, layout_loops_ring,
          grunt_decor_clamped, bh_walls_and_bars
Temple:   hellmonk_temple_beads
Lair:1:   beast_lair_carwin_large_3, layout_regular_city, enter_volcano_3
Lair:2:   layout_gridlike, swamp_mist, dummy_spider_entry
Lair:3:   layout_roguey, gammafunk_ghost_arena, basic_altar, serial_forest,
          infiniplex_forest_end_3, infiniplex_forest_clump_large,
          infiniplex_forest_end_2, infiniplex_forest_clump_small,
          infiniplex_forest_end_1, infiniplex_forest_end_3, roderic_carrion_pond
Lair:4:   layout_regular_city, slime_entry_1, gauntlet_entry_generic,
          gammafunk_ghost_grave
Lair:5:   gammafunk_lair_ancient_temple, layout_cave_pods,
          nicolae_quartered_pool_medium, serial_bayou_shore_a, uniq_rupert
Orc:1:    gammafunk_beogh_shrine, layout_diamond_mine, basic_altar,
          nicolae_orc_damp_corner, uniq_fannar
Orc:2:    st_orc_mages, layout_caves, serial_shops, bzr_entry_water,
          blackcustard_rock_pile

Skill      XL: |  1  2  3  4  5  6  7  8  9 10 11 12 13 14 15 |
---------------+----------------------------------------------+-----
Fighting       | 2 3 4 5 |  5.0
Shapeshifting  | 4 5 7 9 12 | 12.9
Unarmed Combat | 4 5 7 10 12 13 14 15 16 | 16.2
Dodging        | 2 6 8 9 11 12 13 | 13.6
Invocations    | 5 9 11 13 15 | 15.2

Action                     |  1- 3 |  4- 6 |  7- 9 | 10-12 | 13-15 | 16-18 || total
---------------------------+-------+-------+-------+-------+-------+-------++-------
  Melee: Unarmed           |    72 |   141 |   293 |   643 |  1269 |    11 ||  2429
         Punch             |     3 |     3 |     4 |       |    65 |     1 ||    76
         Maw               |       |       |       |       |   186 |     6 ||   192
 Invoke: Line Pass         |       |       |       |     6 |     9 |       ||    15
         Stomp             |       |       |       |     1 |       |       ||     1
         Grand Finale      |       |       |       |       |     2 |       ||     2
Ability: Dig               |       |     1 |     4 |     3 |     6 |       ||    14
  Evoke: Wand              |       |     1 |       |     9 |     9 |       ||    19
    Use: Potion            |       |     1 |     1 |     1 |     2 |       ||     5
         Scroll            |       |       |     8 |    17 |     5 |       ||    30
   Stab: Distracted        |     1 |       |       |       |       |       ||     1
         Sleeping          |     3 |     1 |       |       |     1 |       ||     5
         Paralysed         |       |       |       |    38 |   115 |     5 ||   158
         Confused          |       |       |       |     1 |     6 |       ||     7
 Armour: Animal skin       |    25 |    59 |    31 |       |       |       ||   115
         Skin              |       |     8 |    45 |   181 |   326 |     9 ||   569
  Dodge: Dodged            |    31 |    59 |   201 |   566 |  1205 |    23 ||  2085
   Form: Beast             |       |     1 |     1 |       |       |       ||     2
                           |       |     1 |       |     1 |       |       ||     2
         Flux              |       |       |     2 |     1 |       |       ||     3
         Maw               |       |       |       |       |     1 |       ||     1

Table legend: (Time is in decaauts)
 A = Elapsed time spent in this place.
 B = Non-inter-level travel time spent in this place.
 C = Inter-level travel time spent in this place.
 D = Time resting spent in this place.
 E = Time spent auto-exploring this place.
 F = Levels seen in this place.
 G = Mean time per level.
                   A        B        C        D        E       F      G
               +--------+--------+--------+--------+--------+-----+--------+
         Total |  23742 |  22090 |   1652 |    784 |  15988 |  25 |  949.7 |
       Dungeon |  15075 |  13861 |   1214 |    300 |  10706 |  15 | 1005.0 |
        Temple |     86 |      2 |     84 |      0 |      0 |   1 |   86.0 |
          Lair |   5486 |   5283 |    203 |    126 |   3879 |   5 | 1097.2 |
  Orcish Mines |   2482 |   2331 |    151 |    251 |   1402 |   2 | 1241.0 |
       Volcano |      7 |      7 |      0 |      0 |      0 |   1 |    7.0 |
      Gauntlet |    603 |    603 |      0 |    107 |      0 |   1 |  603.0 |
               +--------+--------+--------+--------+--------+-----+--------+

Top non-repeatable levels by time:
     D:6: 1788 daAuts
  Lair:5: 1668 daAuts
     D:8: 1580 daAuts
    D:12: 1499 daAuts
   Orc:1: 1339 daAuts
     D:5: 1189 daAuts
   Orc:2: 1143 daAuts
  Lair:3: 1133 daAuts
     D:3: 1100 daAuts
     D:9: 1075 daAuts
     D:4: 983 daAuts
     D:7: 969 daAuts
     D:2: 955 daAuts
  Lair:1: 953 daAuts
  Lair:4: 926 daAuts
